 Dungeon Crawl Stone Soup version 0.23.2-30-g0e89c35649 (webtiles) character file.

Game seed: 11262716459873137095

2640 doot the Poker (level 9, -14/55 HPs)
             Began as a Tengu Gladiator on June 17, 2019.
             Was an Initiate of Sif Muna.
             Demolished by a manticore (15 damage)
             ... on level 9 of the Dungeon.
             The game lasted 00:13:21 (8151 turns).

doot the Poker (Tengu Gladiator)                    Turns: 8151, Time: 00:13:22

Health: -14/55     AC:  7    Str: 16    XL:     9   Next: 61%
Magic:  10/10      EV: 18    Int: 11    God:    Sif Muna [......]
Gold:   413        SH:  0    Dex: 15    Spells: 8/8 levels left

rFire    + . .     SeeInvis .   C - +2 glaive (chop)
rCold    . . .     Gourm    +   (shield currently unavailable)
rNeg     . . .     Faith    .   y - +2 leather armour {rF+}
rPois    .         Spirit   .   c - +0 hat
rElec    .         Reflect  .   x - +0 cloak
rCorr    .         Harm     .   p - +0 pair of gloves
MR       .....                  (boots unavailable)
Stlth    ++........             i - amulet of the gourmand
HPRegen  0.18/turn              (no ring)
MPRegen  0.12/turn              (no ring)

@: flying quickly and evasively, quick
A: beak, talons 3, able to fly
a: Stop Flying, Renounce Religion


You were on level 9 of the Dungeon.
You worshipped Sif Muna.
Sif Muna was noncommittal.
You were not hungry.

You visited 2 branches of the dungeon, and saw 10 of its levels.

You collected 413 gold pieces.

Inventory:

Hand Weapons
 a - a +0 war axe
 C - a +2 glaive of chopping (weapon)
 E - the +0 hunting sling "Leviticus" {flame, rF+}
   (You found it on level 7 of the Dungeon)

   It causes projectiles fired from it to burn those they strike, causing extra
   injury to most foes and up to half again as much damage against particularly
   susceptible opponents.
   It protects you from fire.
Missiles
 d - 2 throwing nets (quivered)
Armour
 b - a +0 leather armour
 c - a +0 hat (worn)
 p - a +0 pair of gloves (worn)
 q - a +0 leather armour of poison resistance
 x - a +0 cloak (worn)
 y - a +2 leather armour of fire resistance (worn)
Jewellery
 i - an amulet of the gourmand (around neck)
 u - an uncursed ring of fire
Wands
 s - a wand of flame (13)
 w - a wand of clouds (4)
Scrolls
 e - 3 scrolls of immolation
 k - 9 scrolls of identify
 l - a scroll of blinking
 m - 2 scrolls of teleportation
 n - 2 scrolls of enchant armour
 t - a scroll of enchant weapon
 z - a scroll of fog
 B - a scroll of fear {unknown}
Potions
 g - 6 potions of curing
 h - a potion of invisibility
 j - a potion of mutation {unknown}
 o - 2 potions of brilliance {unknown}
 r - a potion of might {unknown}
 v - 2 potions of cancellation
 A - a potion of degeneration {unknown}
 D - a potion of haste {unknown}
Comestibles
 f - 8 rations


   Skills:
 + Level 5.6 Fighting
 - Level 7.1(8.7) Axes
 + Level 7.9(9.1) Polearms
 + Level 2.2 Throwing
 + Level 3.6 Armour
 + Level 5.6 Dodging
 + Level 4.1 Stealth


You had 8 spell levels left.
You didn't know any spells.
Your spell library contained the following spells:

 Spells                   Type           Power        Failure   Level  Hunger
 Confusing Touch          Hex            #.....       38%         1    ##.....
 Confuse                  Hex            #.......     77%         3    ####...
 Gell's Gravitas          Tloc           #.........   77%         3    ####...
 Petrify                  Tmut/Erth      #.......     99%         4    #####..
 Metabolic Englaciation   Hex/Ice        #.........   100%        5    ######.
 Yara's Violent Unravell  Hex/Tmut       #.........   100%        5    ######.


Dungeon Overview and Level Annotations

Branches:
Dungeon (9/15)             Temple (1/1) D:4
   Lair: D:8-11         Orc: D:9-12

Altars:
Ashenzari
Cheibriados
Dithmenos
Elyvilon
Fedhas
Gozag
Hepliaklqana
Kikubaaqudgha
Makhleb
Nemelex Xobeh
Okawaru
Qazlal
Ru
Sif Muna
Trog
Uskayaw
Vehumet
Wu Jian
Xom
Yredelemnul
Zin
The Shining One

Shops:
D:4 :

Annotations:
D:8 2 transporters, Folque's ghost, journeyman OpWz


Innate Abilities, Weirdness & Mutations

You have a beak for a mouth.
You have claws for feet.
You can fly continuously.


Message History

The manticore misses you.
You slash the manticore! Your kick misses the manticore.
Your peck misses the manticore.
The manticore is almost dead.
The manticore bites you!
* * * LOW HITPOINT WARNING * * *
The manticore closely misses you. x2; The manticore bites you.
* * * LOW HITPOINT WARNING * * *
The manticore claws you!
* * * LOW HITPOINT WARNING * * *
The manticore claws you but does no damage.
You closely miss the manticore.
The manticore is almost dead.
The manticore closely misses you. The manticore completely misses you.
The manticore barely misses you.
Unknown command.
You hit the manticore. You claw the manticore. You peck the manticore.
The manticore is almost dead.
The manticore bites you!
You die...

..####.............
.............#.....
##.........# ....
#......รท..# ... .
#..##.........## ..
..#......<((........
.
......###)(....##...
......###......# ...
......H@.........<..
....?.............
.!..........#..##..
............#..# ..
...........##...+
...........# ##
...........#
...........#


You could see a manticore.

Vanquished Creatures
  A hippogriff (D:8)
  A hungry ghost (D:7)
  2 ice beasts
  An orc warrior (D:7)
  7 ogres
  A sky beast (D:7)
  A necrophage (D:7)
  A big kobold (D:8)
  3 bullfrogs
  A water moccasin skeleton (D:6)
  3 scorpions
  A crimson imp (D:7)
  4 hounds
  A bullfrog skeleton (D:6)
  3 jellies
  A centaur skeleton (D:8)
  An orc priest (D:7)
  A gnoll shaman (D:7)
  Ijyb (D:3)
  Terence (D:2)
  2 worker ants (D:4)
  2 killer bee zombies (D:7)
  2 hound skeletons
  9 gnolls
  9 adders
  2 shadow imps (D:5)
  2 adder skeletons
  2 worms
  3 dart slugs
  2 leopard geckos
  11 orcs
  3 giant cockroaches
  11 goblins
  12 hobgoblins
  13 jackals
  2 quokkas
  2 ball pythons
  7 bats
  4 frilled lizards
  9 kobolds
  6 rats
151 creatures vanquished.

Vanquished Creatures (others)
  4 fungi (D:4)
4 creatures vanquished.

Grand Total: 155 creatures vanquished

Notes
Turn   | Place    | Note
-------+----------+-------------------------------------------
     0 | D:1      | doot the Tengu Gladiator began the quest for the Orb.
     0 | D:1      | Reached XP level 1. HP: 12/12 MP: 2/2
   302 | D:1      | Found a shattered altar of Ashenzari.
   407 | D:1      | Reached XP level 2. HP: 10/17 MP: 3/3
  1208 | D:2      | Reached XP level 3. HP: 20/22 MP: 4/4
  1309 | D:2      | Noticed Terence
  1323 | D:2      | Killed Terence
  1323 | D:2      | Reached skill level 1 in Armour
  1586 | D:2      | Reached XP level 4. HP: 23/27 MP: 5/5
  2080 | D:3      | Found a sparkling altar of Nemelex Xobeh.
  2287 | D:3      | Reached skill level 5 in Axes
  2290 | D:3      | Gained mutation: You can fly continuously. [Tengu growth]
  2290 | D:3      | Reached XP level 5. HP: 10/31 MP: 6/6
  2303 | D:3      | Noticed Ijyb
  2631 | D:3      | Killed Ijyb
  3128 | D:4      | Found a staircase to the Ecumenical Temple.
  3138 | Temple   | Entered the Ecumenical Temple
  3238 | Temple   | Became a worshipper of Sif Muna the Loreminder
  3636 | D:4      | Reached XP level 6. HP: 19/36 MP: 7/7
  3826 | D:4      | Reached skill level 1 in Stealth
  3849 | D:4      | Found a blossoming altar of Fedhas.
  3866 | D:4      | Noticed an ice beast
  3886 | D:4      | Killed an ice beast
  3886 | D:4      | Reached XP level 7. HP: 38/41 MP: 8/8
  4088 | D:4      | Found a radiant altar of Vehumet.
  4124 | D:4      | Found a glowing golden altar of the Shining One.
  4125 | D:4      | Found a snail-covered altar of Cheibriados.
  4311 | D:4      | Found Uneblube's Book Shop.
  4419 | D:5      | Entered Level 5 of the Dungeon
  5196 | D:6      | Reached skill level 1 in Polearms
  5196 | D:6      | Reached skill level 5 in Dodging
  5202 | D:6      | Reached XP level 8. HP: 32/48 MP: 9/9
  5526 | D:6      | Found a bloodstained altar of Trog.
  5744 | D:6      | Found an opulent altar of Gozag.
  6006 | D:7      | Got a crude hunting sling
  6007 | D:7      | Identified the cursed +0 hunting sling "Leviticus" {flame,
                  | rF+} (You found it on level 7 of the Dungeon)
  6030 | D:7      | Reached skill level 5 in Polearms
  6296 | D:7      | Reached XP level 9. HP: 53/53 MP: 10/10
  6308 | D:7      | Reached skill level 5 in Fighting
  6368 | D:7      | Found a burning altar of Makhleb.
  7052 | D:8      | Noticed Folque's ghost (journeyman OpWz)
  7053 | D:8      | Found a transporter.
  7375 | D:8      | Found a transporter.
  7461 | D:8      | Found a white marble altar of Elyvilon.
  8141 | D:9      | Noticed a manticore
  8149 | D:9      | HP: 1/55 [manticore (9)]
  8151 | D:9      | Demolished by a manticore

Skill      XL: |  1  2  3  4  5  6  7  8  9 |
---------------+----------------------------+-----
Axes           | 4 5 6 7 |  7.1
Armour         | 1 2 3 |  3.6
Dodging        | 4 5 |  5.6
Fighting       | 3 4 5 |  5.6
Stealth        | 1 2 3 4 |  4.1
Polearms       | 1 5 7 |  7.9
Throwing       | |  2.2

Action                   |  1- 3 |  4- 6 |  7- 9 || total
-------------------------+-------+-------+-------++-------
Melee: War axe           |    45 |   160 |    40 ||   245
       Kick              |    11 |    38 |    58 ||   107
       Peck              |     5 |    22 |    40 ||    67
       Glaive            |       |       |   186 ||   186
Throw: Throwing net      |     1 |     2 |       ||     3
 Abil: Fly               |       |     1 |       ||     1
Evoke: Wand              |       |     1 |       ||     1
  Use: Scroll            |       |       |    12 ||    12
 Stab: Sleeping          |     1 |       |     7 ||     8
       Held in net/web   |       |     2 |       ||     2
       Distracted        |       |       |     1 ||     1
  Eat: Chunk             |     2 |    20 |    13 ||    35
       Ration            |       |       |     1 ||     1
Armor: Leather armour    |     3 |    38 |    45 ||    86
Dodge: Dodged            |    26 |   141 |   208 ||   375
